 Dungeon Crawl Stone Soup version 0.29.1-12-g30fa7ad0bf (webtiles) character file.

Game seed: 10508572911627533390

171 mortz the Trooper (level 5, -2/34 HPs)
             Began as a Gargoyle Abyssal Knight on Dec 31, 2022.
             Was a Priest of Lugonu.
             Slain by a gnoll
             ... wielding a +0 club
              (7 damage)
             ... on level 3 of the Dungeon.
             The game lasted 00:08:40 (2646 turns).

mortz the Trooper (Gargoyle Abyssal Knight)         Turns: 2646, Time: 00:08:40

Health: -2/34      AC: 15    Str: 18    XL:     5   Next: 51%
Magic:  7/7        EV:  7    Int: 17    God:    Lugonu [***...]
Gold:   129        SH:  0    Dex: 10    Spells: 4/4 levels left

rFire   . . .      SeeInvis .   a - +1 mace
rCold   . . .      Faith    .   p - orb {light}
rNeg    + + .      Spirit   .   h - +0 chain mail
rPois   ∞          Reflect  .   (no helmet)
rElec   +          Harm     .   (no cloak)
rCorr   .          Rampage  .   (no gloves)
Will    .....                   q - +1 pair of boots
Stlth   ..........              (no amulet)
HPRegen 0.11/turn               j - +6 ring of intelligence
MPRegen 0.10/turn               o - ring of positive energy

@: glowing
A: sickness immunity, AC +4, negative energy resistance 1, electricity
resistance, torment resistance 1, petrification resistance
a: Renounce Religion, Depart the Abyss, Bend Space, Banish


You were on level 3 of the Dungeon.
You worshipped Lugonu.
Lugonu was most pleased with you.
You visited 1 branch of the dungeon, and saw 3 of its levels.
You visited the Abyss 1 time.

You collected 129 gold pieces.

Inventory:

Hand Weapons
 a - a +1 mace (weapon)
 k - a +0 hand axe
 l - a +0 flail
 B - a +2 vorpal spear
Missiles
 f - 5 stones (quivered)
 x - 2 poisoned darts
Armour
 h - a +0 chain mail (worn)
 p - an orb of light (worn)
 q - a +1 pair of boots (worn)
 w - a +2 leather armour of fire resistance
Jewellery
 j - a +6 ring of intelligence (left hand)
 o - a ring of positive energy (right hand)
Wands
 D - a wand of polymorph (8)
Scrolls
 b - 2 scrolls of silence
 c - a scroll of vulnerability {unknown}
 e - a scroll of blinking {unknown}
 s - a scroll of immolation {unknown}
 t - a scroll of teleportation {unknown}
 v - a scroll of enchant armour {unknown}
 y - a scroll of identify {unknown}
 C - a scroll of butterflies {unknown}
Potions
 d - 2 potions of berserk rage {unknown}
 g - 4 potions of might {unknown}
 i - a potion of lignification {unknown}
 m - a potion of heal wounds {unknown}
 n - 2 potions of curing {unknown}
 r - 2 potions of haste {unknown}
 u - a potion of brilliance {unknown}
 z - a potion of invisibility {unknown}
 A - a potion of magic {unknown}


   Skills:
 * Level 4.8 Fighting
 + Level 3.0 Maces & Flails
 + Level 3.3 Armour
 - Level 0.9 Dodging
 + Level 3.1 Invocations


You had 4 spell levels left.
You didn't know any spells.
Your spell library contained the following spells:

 Spells                   Type           Power      Damage    Failure   Level
 Ensorcelled Hibernation  Hex/Ice        0%         N/A       99%         2
 Passwall                 Tmut/Erth      0%         N/A       99%         2
 Scorch                   Fire           0%         2d5       99%         2
 Inner Flame              Hex/Fire       0%         N/A       100%        3
 Swiftness                Air            0%         N/A       100%        3
 Cause Fear               Hex            0%         N/A       100%        4
 Flame Wave               Conj/Fire      0%         2d4       100%        4
 Summon Cactus Giant      Summ           0%         N/A       100%        6
 Discord                  Hex            0%         N/A       100%        8


Dungeon Overview and Level Annotations

Branches:
Dungeon (3/15) Zot: 15308

Altars:
Kikubaaqudgha
Makhleb
Okawaru
Qazlal
Ru
Sif Muna
Vehumet
The Shining One


Innate Abilities, Weirdness & Mutations

You are immune to sickness and miasma.
Your stone body is resilient. (AC +4)
You are immune to poison.
You resist negative energy. (rN+)
You are resistant to electric shocks. (rElec)
You are resistant to unholy torment.
You are immune to petrification.


Message History

You are too injured to fight recklessly!
You are too injured to fight recklessly!
You are too injured to fight recklessly!
You are too injured to fight recklessly!
You are too injured to fight recklessly!
You are too injured to fight recklessly!
You are too injured to fight recklessly!
You are too injured to fight recklessly!
You are too injured to fight recklessly!
You are too injured to fight recklessly!
You are too injured to fight recklessly!
You are too injured to fight recklessly!
You are too injured to fight recklessly!
You are too injured to fight recklessly!
You barely miss the gnoll. The gnoll closely misses you.
You hit the gnoll but do no damage. The gnoll barely misses you.
You hit the gnoll.
The gnoll is moderately wounded.
You hit the gnoll.
The gnoll is severely wounded.
The gnoll completely misses you.
You sock the gnoll!
You kill the gnoll!
Lugonu accepts your kill.
Your Maces & Flails skill increases to level 3!
You barely miss the gnoll. The gnoll barely misses you.
The gnoll attacks as you move away! The gnoll barely misses you.
The gnoll attacks as you move away! The gnoll attacks as you move away!
You thump the gnoll!
The gnoll is severely wounded.
The gnoll hits you with a +0 club.
The gnoll hits you from afar with a +0 spear.
* * * LOW HITPOINT WARNING * * *
You hit the gnoll but do no damage.
The gnoll is severely wounded.
The gnoll hits you from afar with a +0 spear.
* * * LOW HITPOINT WARNING * * *
The gnoll barely misses you. The gnoll hits you with a +0 club!
You die...

#......##.#................#
##...#..................####
##..####.###.##.##...#.#
##.####.# #.##.##...#.#
#.....># #.##........#
######## #.########### #.#
#.# #@# #g# #g# #.#
##.######## ##..........
#.....###### ...###....#
..........#


You could see 2 gnolls.

Vanquished Creatures
  A scorpion (D:3)
  An orc wizard (D:2)
  An adder (D:3)
  2 gnolls (D:3)
  4 dart slugs
  3 orcs (D:2)
  4 ball pythons
  8 endoplasms
  A giant cockroach (D:3)
  3 goblins
  4 hobgoblins
  2 jackals (D:1)
  4 bats
  4 frilled lizards
  3 kobolds
  6 rats
  A spectral hobgoblin (D:1)
52 creatures vanquished.

Notes
Turn   | Place    | Note
-------+----------+-------------------------------------------
     0 | Abyss:1  | mortz the Gargoyle Abyssal Knight began the quest for the
                  | Orb.
     0 | Abyss:1  | Reached XP level 1. HP: 14/14 MP: 2/2
     1 | D:1      | Escaped the Abyss
    67 | D:1      | Found a faded altar of an unknown god.
    77 | D:1      | Reached XP level 2. HP: 19/19 MP: 3/3
   611 | D:1      | Reached *** piety under Lugonu
   802 | D:1      | Reached XP level 3. HP: 24/24 MP: 4/4
  1112 | D:2      | Reached skill level 4 in Fighting
  1112 | D:2      | Reached XP level 4. HP: 18/29 MP: 5/5
  1861 | D:3      | Noticed a scorpion
  1871 | D:3      | Killed a scorpion
  1872 | D:3      | Reached XP level 5. HP: 23/34 MP: 7/7
  2221 | D:3      | Found a shimmering blue altar of Sif Muna.
  2221 | D:3      | Found a stormy altar of Qazlal.
  2221 | D:3      | Found a sacrificial altar of Ru.
  2237 | D:3      | Found a radiant altar of Vehumet.
  2240 | D:3      | Found an iron altar of Okawaru.
  2243 | D:3      | Found a glowing golden altar of the Shining One.
  2246 | D:3      | Found a burning altar of Makhleb.
  2250 | D:3      | Found an ancient bone altar of Kikubaaqudgha.
  2646 | D:3      | Slain by a gnoll

Illustrated notes

Levels and vault maps discovered:
D:1:      co_arrival_square_in_a_square_in_a_square, layout_loops_ring,
          dreamdust_ecumenical_altar_drowned_temple, grunt_decor_one_mirror,
          grunt_decor_clamped
D:2:      layout_basic, minivault_5, minmay_misc_feat_square
D:3:      layout_loops_corners, nicolae_overflow_hallway_of_the_gods

Skill      XL: |  1  2  3  4  5 |
---------------+----------------+-----
Fighting       | 4 |  4.8
Armour         | 3 |  3.3
Invocations    | 3 |  3.1
Maces & Flails | 3 |  3.0
Dodging        | |  0.9

Action                   |  1- 3 |  4- 6 || total
-------------------------+-------+-------++-------
Melee: Mace              |    67 |    84 ||   151
       Punch             |     1 |       ||     1
Throw: Stone             |     4 |     1 ||     5
  Use: Scroll            |       |     1 ||     1
Armor: Leather armour    |    15 |       ||    15
       Chain mail        |    23 |    51 ||    74
Dodge: Dodged            |    32 |    40 ||    72
